 Dungeon Crawl Stone Soup version 0.27-a0-1256-gced786f65e (webtiles) character file.

Game seed: 8138879481091686937

20248 spiderkeys the Impaler (level 12, -10/105 HPs)
             Began as a Merfolk Gladiator on June 11, 2021.
             Was a Follower of Ashenzari.
             Killed from afar by Azrael (33 damage)
             ... with damnation
             ... on level 12 of the Dungeon.
             The game lasted 00:27:28 (15385 turns).

spiderkeys the Impaler (Merfolk Gladiator)         Turns: 15385, Time: 00:27:28

Health: -10/105    AC: 14    Str: 18    XL:     12   Next: 77%
Magic:  12/12      EV: 20    Int:  8    God:    Ashenzari [*.....]
Gold:   663        SH:  5    Dex: 16    Spells: 11/11 levels left

rFire    + + +     SeeInvis .   y - +4 glaive of Viny Absolution {venom, Will+}
rCold    . . .     Faith    .   (shield currently unavailable)
rNeg     . . .     Spirit   .   L - +2 leather armour {rF+}
rPois    .         Reflect  +   b - +2 helmet of Ashenzari's Malaise {Cun, Melee} (curse)
rElec    .         Harm     .   J - +2 cloak "Mantic Trepidation" {Self, Evo} (curse)
rCorr    .         Rampage  .   s - +0 pair of gloves
Will     +....                  U - +1 pair of boots
Stlth    +++.......             B - amulet of reflection
HPRegen  0.27/turn              f - ring of protection from fire
MPRegen  0.13/turn              F - ring of protection from fire

@: no status effects
A: (nimble swimmer 2), mertail
a: Renounce Religion, Curse Item, Shatter the Chains


You were on level 12 of the Dungeon.
You worshipped Ashenzari.
Ashenzari was aware of your devotion.
You visited 2 branches of the dungeon, and saw 13 of its levels.
You also visited: Sewer and Bailey.

You collected 663 gold pieces.


Innate Abilities, Weirdness & Mutations

((You are quick and stealthy near water. (Stealth+, EV+, Speed+++)))
Your lower body shifts to a powerful aquatic tail in water.


   Skills:
 + Level 12.5(13.3) Fighting
 + Level 15.9(16.6) Polearms
 - Level 5.0 Throwing
 + Level 14.7(15.5) Dodging
 + Level 3.4(4.4) Stealth
 + Level 2.8 Shields


You had 11 spell levels left.
You didn't know any spells.
Your spell library contained the following spells:

 Spells                   Type           Power      Damage    Failure   Level
 Animate Skeleton         Necr           0%         N/A       45%         1
 Apportation              Tloc           0%         N/A       45%         1
 Corona                   Hex            0%         N/A       45%         1
 Shock                    Conj/Air       0%         1d3       45%         1
 Summon Small Mammal      Summ           0%         N/A       45%         1
 Slow                     Hex            0%         N/A       61%         2
 Static Discharge         Conj/Air       0%         N/A       61%         2
 Inner Flame              Hex/Fire       0%         N/A       83%         3
 Portal Projectile        Hex/Tloc       0%         N/A       83%         3
 Spider Form              Tmut/Pois      0%         N/A       83%         3
 Swiftness                Air            0%         N/A       83%         3
 Vampiric Draining        Necr           0%         2d6       83%         3
 Airstrike                Air            0%         N/A       99%         4
 Cause Fear               Hex            0%         N/A       99%         4
 Leda's Liquefaction      Hex/Erth       0%         N/A       99%         4
 Petrify                  Tmut/Erth      0%         N/A       99%         4
 Alistair's Intoxication  Tmut/Pois      0%         N/A       100%        5
 Lightning Bolt           Conj/Air       0%         1d11      100%        5
 Yara's Violent Unravell  Hex/Tmut       0%         3d3       100%        5

Inventory:

Hand Weapons
 y - the +4 glaive of Viny Absolution (weapon) {venom, Will+}
   (You found it on level 4 of the Dungeon)

   It poisons the flesh of those it strikes.
   It increases your willpower.
 R - a +4 spear of freezing
   (You took it off a wight on level 8 of the Dungeon)
Missiles
 d - 3 throwing nets {=f!f}
 e - 332 stones (quivered)
 i - 3 boomerangs of dispersal {=f!f}
 j - 313 arrows
 l - 45 poisoned darts
 t - 33 boomerangs
 w - 47 sling bullets
 Q - 34 bolts
Armour
 b - the cursed +2 helmet of Ashenzari's Malaise (worn) {Cun, Melee}

   It has a curse which improves the following skills: Cunning: Dodging and
   Stealth.
   Melee Combat: Short Blades, Long Blades, Axes, Maces & Flails, Polearms,
   Staves and Unarmed Combat.
 s - a +0 pair of gloves (worn)
   (You found it on level 3 of the Dungeon)
 J - the cursed +2 cloak "Mantic Trepidation" (worn) {Self, Evo}
   (You took it off Crazy Yiuf on level 4 of the Dungeon)

   It has a curse which improves the following skills: Introspection: Fighting
   and Spellcasting.
   Evocations: Evocations.
 L - a +2 leather armour of fire resistance (worn)
   (You took it off a gnoll shaman on level 7 of the Dungeon)
 T - a +0 tower shield
   (You found it on level 9 of the Dungeon)
 U - a +1 pair of boots (worn)
   (You found it on level 9 of the Dungeon)
Magical Staves
 V - a staff of poison {!a}
   (You found it on level 10 of the Dungeon)
Jewellery
 c - a ring of protection from cold
   (You found it on level 10 of the Dungeon)
 f - a ring of protection from fire (left hand)
   (You found it on level 10 of the Dungeon)
 v - a ring of see invisible
   (You found it on level 11 of the Dungeon)
 B - an amulet of reflection (around neck)
   (You took it off an orc wizard on level 8 of the Dungeon)
 C - a ring of protection from cold
   (You found it on level 3 of the Dungeon)
 E - a +4 ring of evasion
   (You found it on level 9 of the Dungeon)
 F - a ring of protection from fire (right hand)
   (You found it on level 5 of the Dungeon)
 O - a +4 ring of protection
   (You found it on level 11 of the Dungeon)
Wands
 D - a wand of mindburst (12)
   (You took it off Ijyb on level 4 of the Dungeon)
 G - a wand of polymorph (22)
   (You took it off Crazy Yiuf on level 4 of the Dungeon)
 P - a wand of acid (3)
   (You took it off Pikel on level 7 of the Dungeon)
Scrolls
 g - 2 scrolls of brand weapon
 k - 5 scrolls of fear
 n - 2 scrolls of immolation {!r!r}
 o - 6 scrolls of teleportation {@r4}
 r - 3 scrolls of magic mapping {!r}
 u - 6 scrolls of enchant weapon
 K - a scroll of torment {!r}
 M - 3 scrolls of blinking {!r}
 N - 5 scrolls of identify {@r1}
 X - 2 scrolls of vulnerability {!r!r}
 Y - a scroll of silence {!r}
Potions
 a - 2 potions of resistance
 h - 3 potions of might
 m - 2 potions of brilliance
 p - a potion of cancellation
 q - 3 potions of berserk rage {!q}
 x - 8 potions of curing {@q1}
 z - 2 potions of haste {@q3}
 A - 6 potions of heal wounds {@q2}
 H - a potion of magic
 S - 4 potions of mutation {!q}
 W - 3 potions of attraction {!q}
Miscellaneous
 I - a phantom mirror
   (You found it on level 5 of the Dungeon)

Dungeon Overview and Level Annotations

Branches:
Dungeon (12/15)            Temple (1/1) D:5            Lair (0/6) D:10
    Orc (0/2) D:11          Sewer (visited)          Bailey (visited)

Altars:
Ashenzari
Cheibriados
Dithmenos
Elyvilon
Fedhas
Gozag
Hepliaklqana
Kikubaaqudgha
Makhleb
Nemelex Xobeh
Okawaru
Qazlal
Ru
Sif Muna
Trog
Uskayaw
Vehumet
Wu Jian
Xom
Yredelemnul
Zin
The Shining One
Beogh

Annotations:
D:4 1 runed translucent door, deifeln's ghost, amateur GrFi
D:5 2 runed translucent doors
D:10 2 transporters, exclusion: oklob plant, Rohain's ghost, journeyman DDFi
D:12 Azrael

#.≈...
#.≈≈≈ #..≈♣
♣ #..≈♣ y≈♣
#?≈≈♣♣♣≈.≈♣
#.≈;☼≈y≈.≈≈
#○.☼○h≈R○h○
#R#########
#@# #.# #.#
#.# #.# #.#
#.# #.# #.#


You could see Azrael (very poisoned) and an electric eel.


Message History

The blast of flame hits you. You resist. 😮 HP[-5]
You take 5 damage, and now have 68/105 hp.
Reach: y) +4 glaive of Viny Absolution {venom, Will+}
Press: ? - help, Dir - move target, f/p - Azrael
Aim: Azrael, wielding a +2 scimitar of flaming (about 15% to evade the +4 glaive of Viny Absolution)
You reach to attack!
You slash Azrael! The hell hound closely misses you. Azrael gestures at you.
The fireball explodes!
The fireball engulfs the hell hound.
The hell hound completely resists.
The fireball engulfs Azrael.
Azrael completely resists.
The fireball engulfs you. You resist.
The hell hound bites you but does no damage. 😮 HP[-4]
You take 4 damage, and now have 64/105 hp.
Reach: y) +4 glaive of Viny Absolution {venom, Will+}
Press: ? - help, Dir - move target, f/p - Azrael
Aim: Azrael, wielding a +2 scimitar of flaming (lightly wounded, about 15% to evade the +4 glaive of Viny Absolution)
You reach to attack!
You slice Azrael!!
The hell hound bites you but does no damage.
Azrael gestures at you.
The fireball explodes!
The fireball engulfs the hell hound.
The hell hound completely resists.
The fireball engulfs Azrael.
Azrael completely resists.
The fireball engulfs you. You resist. 😮 HP[-6]
You take 6 damage, and now have 58/105 hp.
Reach: y) +4 glaive of Viny Absolution {venom, Will+}
Press: ? - help, Dir - move target, f/p - Azrael
Aim: Azrael, wielding a +2 scimitar of flaming (moderately wounded, about 15% to evade the +4 glaive of Viny Absolution)
You reach to attack!
You hit Azrael.
Azrael is poisoned.
The hell hound bites you but does no damage. 😮 HP[+1] Reach: y) +4 glaive of Viny Absolution {venom, Will+}
Press: ? - help, Dir - move target, f/p - Azrael
Aim: Azrael, wielding a +2 scimitar of flaming (heavily wounded, very poisoned, about 15% to evade the +4 glaive of Viny Absolution)
The hell hound is in the way.
You hit the hell hound but do no damage.
The hell hound misses you.
Reach: y) +4 glaive of Viny Absolution {venom, Will+}
Press: ? - help, Dir - move target, f/p - Azrael
Aim: Azrael, wielding a +2 scimitar of flaming (heavily wounded, very poisoned, about 15% to evade the +4 glaive of Viny Absolution)
The hell hound is in the way.
You barely miss the hell hound. The hell hound bites you.
The hell hound closely misses you. 😮 HP[-6]
You take 6 damage, and now have 53/105 hp.
Reach: y) +4 glaive of Viny Absolution {venom, Will+}
Press: ? - help, Dir - move target, f/p - Azrael
Aim: Azrael, wielding a +2 scimitar of flaming (heavily wounded, very poisoned, about 15% to evade the +4 glaive of Viny Absolution)
The hell hound is in the way.
You hit the hell hound but do no damage.
Azrael drinks a potion.
Azrael is healed!
The hell hound closely misses you.
Reach: y) +4 glaive of Viny Absolution {venom, Will+}
Press: ? - help, Dir - move target, f/p - Azrael
Aim: Azrael, wielding a +2 scimitar of flaming (moderately wounded, very poisoned, about 15% to evade the +4 glaive of Viny Absolution)
You reach to attack!
You hit Azrael.
Azrael looks as sick as possible!
The hell hound bites you but does no damage. 😮 HP[+1] Reach: y) +4 glaive of Viny Absolution {venom, Will+}
Press: ? - help, Dir - move target, f/p - Azrael
Aim: Azrael, wielding a +2 scimitar of flaming (moderately wounded, extremely poisoned, about 15% to evade the +4 glaive of Viny Absolution)
The hell hound is in the way.
You slash the hell hound! The hell hound closely misses you.
You block the hell hound's attack.
Reach: y) +4 glaive of Viny Absolution {venom, Will+}
Press: ? - help, Dir - move target, f/p - Azrael
Aim: Azrael, wielding a +2 scimitar of flaming (moderately wounded, extremely poisoned, about 15% to evade the +4 glaive of Viny Absolution)
The hell hound is in the way.
You slash the hell hound!
You kill the hell hound!
Azrael gestures at you. The bolt of fire hits you. You resist.
* * * LOW HITPOINT WARNING * * *
The electric eel shoots out a bolt of lightning at you!
The bolt of electricity hits you!
* * * LOW HITPOINT WARNING * * *
😨 HP[-14]
You take 14 damage, and now have 40/105 hp.
Reach: y) +4 glaive of Viny Absolution {venom, Will+}
Press: ? - help, Dir - move target, f/p - Azrael
Aim: Azrael, wielding a +2 scimitar of flaming (moderately wounded, extremely poisoned, about 15% to evade the +4 glaive of Viny Absolution)
You reach to attack!
You slash Azrael!
The electric eel shoots out a bolt of lightning at you!
The bolt of electricity misses you. Azrael gestures at you.
The sphere of damnation explodes!
The damnation engulfs you!!
* * * LOW HITPOINT WARNING * * *
😱 HP[-18]
You take 18 damage, and now have 22/105 hp.
Reach: y) +4 glaive of Viny Absolution {venom, Will+}
Press: ? - help, Dir - move target, f/p - Azrael
Aim: Azrael, wielding a +2 scimitar of flaming (heavily wounded, extremely poisoned, about 15% to evade the +4 glaive of Viny Absolution)
You reach to attack!
You slash Azrael! 😱 HP[+1] Reach: y) +4 glaive of Viny Absolution {venom, Will+}
Press: ? - help, Dir - move target, f/p - Azrael
Aim: Azrael, wielding a +2 scimitar of flaming (severely wounded, extremely poisoned, about 15% to evade the +4 glaive of Viny Absolution)
Okay, then.
You hit Azrael. Azrael misses you.
You slash Azrael! Azrael gestures at you.
The sphere of damnation explodes!
The damnation engulfs you!!
You die...

Skill      XL: |  1  2  3  4  5  6  7  8  9 10 11 12 |
---------------+-------------------------------------+-----
Polearms       | 5 6 7 9 11 13 14 15 | 15.9
Fighting       | 3 4 5 6 8 10 11 12 | 12.5
Dodging        | 5 6 7 8 10 12 13 14 | 14.7
Throwing       | 3 4 5 |  5.0
Stealth        | 3 |  3.4
Shields        | 2 |  2.8

Action                   |  1- 3 |  4- 6 |  7- 9 | 10-12 || total
-------------------------+-------+-------+-------+-------++-------
Melee: Trident           |   118 |   109 |       |       ||   227
       Glaive            |       |    53 |   266 |   593 ||   912
       Tailslap          |       |     1 |       |       ||     1
Throw: Stone             |     2 |       |       |       ||     2
       Dart              |       |     3 |       |    41 ||    44
       Throwing net      |       |       |       |     1 ||     1
Invok: Curse Item        |       |       |       |     2 ||     2
Evoke: Wand              |       |       |       |     6 ||     6
  Use: Scroll            |     3 |       |     4 |     3 ||    10
       Potion            |       |       |     2 |     4 ||     6
 Stab: Sleeping          |     4 |     4 |     2 |     1 ||    11
Armor: Leather armour    |    20 |    40 |    70 |   123 ||   253
Dodge: Dodged            |    58 |   107 |   200 |   503 ||   868
Block: Other             |       |       |       |    63 ||    63
       Reflection        |       |       |       |     3 ||     3

Levels and vault maps discovered:
D:1:      erik_arrival_orb_chamber, layout_rooms,
          shapermc_ecumenical_altar_flowoftime, serial_co_window_serial,
          co_window_corner_a, co_window_corner_a, co_window_paths_a,
          co_window_paths_a, co_window_corner_a, co_window_2corner,
          co_window_2corner, co_window_corner_cb, co_window_unsneaky_path_e,
          co_window_broadway_b, glass_columns_a, glass_columns_a,
          glass_columns_a
D:2:      layout_basic
D:3:      kennysheep_the_goblin_king, layout_basic, chequers_decorated_corner,
          lemuel_old_faithful
D:4:      layout_loops_ring, hellmonk_ghost_happy_afterlife,
          gup_sewer_entry_bubbles, eino_curves_03, uniq_eustachio,
          uniq_crazy_yiuf_cottage, uniq_ijyb
D:5:      wad_pebble_path, layout_rooms, lemuel_blue_sif_altar,
          nemelex_spade_bored_becter, minmay_temple_entry_arrows,
          minmay_hollow_rounded_squares, uniq_menkaure
D:6:      layout_cave_pools, bloody_makhleb, amcnicky_mini_rare_corridor_liquid
D:7:      layout_basic, nicolae_hepliaklqana_hazy_memory,
          general_overflow_altar, uniq_pikel
D:8:      layout_rooms, enter_bailey_2
D:9:      layout_rooms, old_standard_altar
D:10:     layout_rooms, erik_lair_dragon, nzn_ghost_randoct, due_unseen_surprise
D:11:     wad_crossroads, layout_basic, david_orc_5, uniq_josephine
D:12:     layout_basic, kennysheep_boxes, uniq_azrael, uniq_kirke
Temple:   eino_temple_rhombus

Notes
Turn   | Place    | Note
-------+----------+-------------------------------------------
     0 | D:1      | spiderkeys the Merfolk Gladiator began the quest for the
                  | Orb.
     0 | D:1      | Reached XP level 1. HP: 16/16 MP: 1/1
     0 | D:1      | magus.rc [v1.9.10]
   150 | D:1      | Reached XP level 2. HP: 23/23 MP: 2/2
   330 | D:1      | Reached skill level 5 in Polearms
   330 | D:1      | Reached XP level 3. HP: 18/28 MP: 3/3
  1018 | D:1      | Found a faded altar of an unknown god.
  1283 | D:2      | Reached skill level 3 in Fighting
  1492 | D:2      | Reached XP level 4. HP: 24/35 MP: 4/4
  1833 | D:2      | Reached skill level 5 in Dodging
  3061 | D:4      | Noticed a necrophage
  3076 | D:4      | Reached XP level 5. HP: 33/42 MP: 5/5
  3089 | D:4      | Killed a necrophage
  3090 | D:4      | Reached skill level 4 in Fighting
  3090 | D:4      | Reached skill level 6 in Polearms
  3255 | D:4      | Noticed a phantom
  3262 | D:4      | Identified the +4 glaive of Viny Absolution {venom, Will+}
  3278 | D:4      | Killed a phantom
  3279 | D:4      | Reached XP level 6. HP: 24/48 MP: 6/6
  3302 | D:4      | Noticed deifeln's ghost (amateur GrFi)
  3304 | D:4      | Found a runed translucent door.
  3466 | D:4      | Reached skill level 6 in Dodging
  3495 | D:4      | Reached skill level 3 in Throwing
  3500 | D:4      | Found a glowing drain.
  3508 | Sewer    | Entered a sewer
  3531 | Sewer    | Noticed Purgy
  3546 | Sewer    | Killed Purgy
  3626 | Sewer    | Reached XP level 7. HP: 54/55 MP: 7/7
  3904 | D:4      | Reached skill level 7 in Polearms
  4197 | D:4      | Noticed Eustachio
  4209 | D:4      | Killed Eustachio
  4210 | D:4      | Reached skill level 5 in Fighting
  4210 | D:4      | Reached skill level 4 in Throwing
  4210 | D:4      | Reached skill level 7 in Dodging
  4332 | D:4      | Noticed Ijyb
  4338 | D:4      | Killed Ijyb
  4597 | D:4      | Found a runed translucent door.
  4598 | D:4      | Noticed Crazy Yiuf
  4605 | D:4      | Killed Crazy Yiuf
  4606 | D:4      | Reached XP level 8. HP: 55/61 MP: 8/8
  4718 | D:5      | Entered Level 5 of the Dungeon
  4727 | D:5      | Found a staircase to the Ecumenical Temple.
  4737 | Temple   | Entered the Ecumenical Temple
  4906 | Temple   | Became a worshipper of Ashenzari the Shackled
  4930 | D:5      | You pick up a book of Debilitation and begin reading...
  4930 | D:5      | You add the spells Corona, Slow, Inner Flame, Portal
                  | Projectile, Cause Fear and Leda's Liquefaction to your
                  | library.
  4943 | D:5      | Reached skill level 8 in Polearms
  5594 | D:5      | Reached skill level 6 in Fighting
  5651 | D:5      | Found a sparkling altar of Nemelex Xobeh.
  5671 | D:5      | Noticed Menkaure
  5719 | D:5      | HP: 14/64 [??? (11)]
  5720 | D:5      | Killed Menkaure
  5721 | D:5      | Reached skill level 5 in Throwing
  5721 | D:5      | Reached skill level 8 in Dodging
  5990 | D:5      | Found a large runed translucent door.
  5990 | D:5      | Found a large runed translucent door.
  6017 | D:5      | Reached skill level 9 in Polearms
  6021 | D:5      | Noticed a wyvern
  6023 | D:5      | Killed a wyvern
  6034 | D:5      | Reached XP level 9. HP: 53/71 MP: 9/9
  6154 | D:5      | Found a large runed translucent door.
  6154 | D:5      | Found a large runed translucent door.
  6230 | D:5      | Reached skill level 7 in Fighting
  6230 | D:5      | Reached skill level 9 in Dodging
  6268 | D:5      | Noticed a troll
  6281 | D:5      | HP: 27/108 [troll (9)]
  6283 | D:5      | Killed a troll
  6284 | D:5      | Reached skill level 10 in Polearms
  6691 | D:5      | Found a shimmering blue altar of Sif Muna.
  7001 | D:6      | Found a burning altar of Makhleb.
  7203 | D:6      | You pick up a book of Air and begin reading...
  7203 | D:6      | You add the spells Shock, Static Discharge, Swiftness,
                  | Airstrike and Lightning Bolt to your library.
  7341 | D:6      | Reached skill level 10 in Dodging
  7549 | D:6      | Reached skill level 8 in Fighting
  7705 | D:7      | Reached skill level 11 in Polearms
  7806 | D:7      | Found a hide-covered altar of Uskayaw.
  8388 | D:7      | Noticed Pikel
  8407 | D:7      | Killed Pikel
  8408 | D:7      | Reached XP level 10. HP: 82/82 MP: 10/10
  8442 | D:7      | Reached skill level 9 in Fighting
  8442 | D:7      | Reached skill level 11 in Dodging
  8447 | D:7      | Reached skill level 12 in Polearms
  8679 | D:7      | Found a hazy altar of Hepliaklqana.
  8682 | D:7      | Identified the Volume of Shape Shifting and Black Arts
  8692 | D:7      | You add the spells Vampiric Draining, Spider Form, Petrify,
                  | Yara's Violent Unravelling and Alistair's Intoxication to
                  | your library.
  9138 | D:8      | Found a flagged portal.
  9150 | Bailey   | Entered a bailey
  9809 | Bailey   | HP: 24/124 [orc warrior/+0 glaive (15)]
 10422 | Bailey   | Noticed an orc knight
 10422 | Bailey   | Noticed an orc knight
 10460 | Bailey   | Killed an orc knight
 10468 | Bailey   | Killed an orc knight
 10469 | Bailey   | Reached skill level 10 in Fighting
 10469 | Bailey   | Reached skill level 13 in Polearms
 10469 | Bailey   | Reached skill level 12 in Dodging
 10827 | D:8      | Reached XP level 11. HP: 69/90 MP: 11/11
 11716 | D:9      | Found an ancient bone altar of Kikubaaqudgha.
 11716 | D:9      | Noticed a cyclops
 11726 | D:9      | Killed a cyclops
 12221 | D:9      | Identified the -1 pair of boots "Naxulip" {rN+}
 12356 | D:9      | Reached * piety under Ashenzari
 12373 | D:10     | Entered Level 10 of the Dungeon
 12384 | D:10     | Noticed a boulder beetle
 12401 | D:9      | Reached skill level 14 in Polearms
 12401 | D:9      | Reached skill level 13 in Dodging
 12654 | D:10     | Killed a boulder beetle
 12655 | D:10     | Reached skill level 11 in Fighting
 12752 | D:10     | Noticed a soul eater
 12848 | D:10     | Noticed a tengu warrior
 12988 | D:10     | Found a transporter.
 12990 | D:10     | Noticed Rohain's ghost (journeyman DDFi)
 12997 | D:10     | Noticed a purple ugly thing
 13001 | D:10     | Noticed an oklob plant
 13001 | D:10     | Noticed a manticore
 13060 | D:10     | Found a transporter.
 13193 | D:10     | Reached XP level 12. HP: 64/103 MP: 12/12
 13441 | D:10     | Reached skill level 15 in Polearms
 13489 | D:10     | Found a staircase to the Lair.
 13586 | D:10     | Reached skill level 14 in Dodging
 13823 | D:11     | Noticed Josephine
 13830 | D:11     | Killed Josephine
 13845 | D:11     | Reached skill level 12 in Fighting
 14043 | D:11     | You pick up a book of Cantrips and begin reading...
 14043 | D:11     | You add the spells Animate Skeleton, Summon Small Mammal
                  | and Apportation to your library.
 14151 | D:11     | Reached skill level 1 in Stealth
 14162 | D:11     | Reached skill level 1 in Shields
 14264 | D:11     | Noticed a boulder beetle
 14273 | D:11     | Killed a boulder beetle
 14274 | D:11     | Reached skill level 2 in Stealth
 14504 | D:11     | Noticed a two-headed ogre
 14511 | D:11     | Killed a two-headed ogre
 14512 | D:11     | Reached skill level 2 in Shields
 14756 | D:11     | Found a staircase to the Orcish Mines.
 14786 | D:11     | Reached skill level 3 in Stealth
 15333 | D:12     | Noticed Azrael
 15382 | D:12     | HP: 22/105 [Azrael/damnation (18)]
 15385 | D:12     | Killed from afar by Azrael

Vanquished Creatures
  Josephine (D:11)
  2 boulder beetles
  A two-headed ogre (D:11)
  Pikel (D:7)
  2 orc knights (Bailey)
  3 cyclopes
  A manticore (D:10)
  A gargoyle (D:10)
  A komodo dragon (D:11)
  3 kobold demonologists
  An unseen horror (D:10)
  3 meliai
  3 trolls
  A hornet (D:9)
  4 wraiths
  5 wyverns
  15 yaks
  Eustachio (D:4)
  3 basilisks (D:10)
  9 vampire mosquitoes
  Menkaure (D:5)
  A steam dragon (D:10)
  An acid dragon (D:10)
  4 hell hounds (D:12)
  Purgy (Sewer)
  20 orc warriors
  3 ice beasts
  2 necrophages
  A black bear (D:5)
  2 centaurs
  A phantom (D:4)
  3 kobold brigands
  A lemure (D:7)
  2 scorpions
  A wyvern zombie (D:5)
  A gnoll sergeant (D:10)
  2 water moccasin zombies
  A water moccasin skeleton (D:6)
  10 killer bees
  5 howler monkeys
  5 wights (D:8)
  6 centaur zombies
  A bullfrog zombie (D:5)
  A jelly (D:5)
  9 orc priests
  Crazy Yiuf (D:4)
  4 gnoll shamans
  2 hounds
  3 bullfrog skeletons
  2 centaur skeletons
  Ijyb (D:4)
  6 orc wizards
  2 iguanas
  A scorpion zombie (D:5)
  2 killer bee zombies
  A howler monkey zombie (D:6)
  26 gnolls
  A river rat (D:4)
  7 adders
  An ufetubus (D:5)
  A worm (D:2)
  2 dart slugs
  68 orcs
  10 ball pythons
  4 bats
  13 endoplasms
  4 giant cockroaches
  6 hobgoblins
  7 jackals (D:1)
  13 kobolds
  5 quokkas
  6 frilled lizards
  16 goblins
  A quokka skeleton (D:4)
  6 rats
368 creatures vanquished.

Vanquished Creatures (others)
  An electric eel (D:12)
  8 plants (D:7)
9 creatures vanquished.

Grand Total: 377 creatures vanquished

Table legend:
 A = Non-vault XP
 B = Vault XP
 C = Vault XP percentage of total XP
 D = Non-vault monster count
 E = Vault monster count
 F = Vault count percentage of total count
                 A         B        C        D         E       F
            +---------+---------+-------+---------+---------+-------
      Total |   17017 |   11910 |  41.2 |     243 |     124 |  33.8
            +---------+---------+-------+---------+---------+-------
        D:1 |      48 |       0 |   0.0 |      28 |       0 |   0.0
        D:2 |      71 |       0 |   0.0 |      23 |       0 |   0.0
        D:3 |       9 |      12 |  57.1 |       6 |       7 |  53.8
        D:4 |     609 |     314 |  34.0 |      32 |      11 |  25.6
        D:5 |     774 |    1438 |  65.0 |      17 |      13 |  43.3
        D:6 |     563 |       0 |   0.0 |      18 |       0 |   0.0
        D:7 |    1256 |     673 |  34.9 |      18 |       1 |   5.3
        D:8 |    1431 |       0 |   0.0 |      31 |       0 |   0.0
        D:9 |    3171 |       0 |   0.0 |      24 |       0 |   0.0
       D:10 |    5004 |    1233 |  19.8 |      26 |       7 |  21.2
       D:11 |    3380 |    4645 |  57.9 |      16 |      32 |  66.7
       D:12 |     701 |     595 |  45.9 |       4 |       4 |  50.0
      Sewer |       0 |     166 | 100.0 |       0 |       9 | 100.0
     Bailey |       0 |    2834 | 100.0 |       0 |      40 | 100.0
            +---------+---------+-------+---------+---------+-------

Illustrated notes

Table legend:
 A = Kills in this place as a percentage of kills in entire the game.
 B = Kills by you in this place as a percentage of kills by you in the entire game.
 C = Kills by friends in this place as a percentage of kills by friends in the entire game.
 D = Other kills in this place as a percentage of other kills in the entire game.
 E = Experience gained in this place as a percentage of experience gained in the entire game.
 F = Experience gained in this place divided by the number of levels of this place that you have seen.
                   A       B       C       D       E      F
               +-------+-------+-------+-------+-------+----------------------
         Total | 100.0 | 100.0 |   N/A |   N/A | 100.0 | 1928.5
       Dungeon |  86.6 |  86.6 |   N/A |   N/A |  89.6 | 2160.6
         Sewer |   2.5 |   2.5 |   N/A |   N/A |   0.6 | 166.0
        Bailey |  10.9 |  10.9 |   N/A |   N/A |   9.8 | 2834.0
               +-------+-------+-------+-------+-------+----------------------

Table legend: (Time is in decaauts)
 A = Elapsed time spent in this place.
 B = Non-inter-level travel time spent in this place.
 C = Inter-level travel time spent in this place.
 D = Time resting spent in this place.
 E = Time spent auto-exploring this place.
 F = Levels seen in this place.
 G = Mean time per level.
                   A        B        C        D        E       F      G
               +--------+--------+--------+--------+--------+-----+--------+
         Total |  15367 |  14893 |    474 |   1272 |  11067 |  15 | 1024.5 |
       Dungeon |  13340 |  12881 |    459 |    705 |  10033 |  12 | 1111.7 |
        Temple |    185 |    170 |     15 |      0 |    163 |   1 |  185.0 |
         Sewer |    218 |    218 |      0 |      0 |    137 |   1 |  218.0 |
        Bailey |   1623 |   1623 |      0 |    567 |    734 |   1 | 1623.0 |
               +--------+--------+--------+--------+--------+-----+--------+

Top non-repeatable levels by time:
     D:5: 2065 daAuts
  Bailey: 1623 daAuts
    D:11: 1498 daAuts
     D:7: 1396 daAuts
     D:4: 1374 daAuts
     D:1: 1194 daAuts
    D:10: 1157 daAuts
     D:9: 979 daAuts
     D:2: 971 daAuts
     D:8: 953 daAuts
     D:3: 897 daAuts
     D:6: 767 daAuts
   Sewer: 218 daAuts
  Temple: 185 daAuts
    D:12: 83 daAuts
